 Dungeon Crawl Stone Soup version 0.22-a0-240-g539252a (webtiles) character file.

0 Amnesiac the Charlatan (level 1, 0/9 HPs)
             Began as a Spriggan Artificer on Feb 21, 2018.
             Slain by an adder (4 damage)
             ... on level 3 of the Dungeon.
             The game lasted 00:00:28 (97 turns).

Amnesiac the Charlatan (Spriggan Artificer)           Turns: 97, Time: 00:00:29

Health: 0/9        AC:  2    Str:  8    XL:     1   Next: 8%
Magic:  4/4        EV: 18    Int: 12    God:
Gold:   0          SH:  0    Dex: 16    Spells: 0/0 levels left

rFire    . . .     SeeInvis +   a - +0 short sword
rCold    . . .     Gourm    .   (shield restricted)
rNeg     . . .     Faith    .   b - +0 robe
rPois    .         Spirit   .   (helmet restricted)
rElec    .         Reflect  .   (no cloak)
rCorr    .         Harm     .   (gloves unavailable)
MR       .....                  (boots unavailable)
Stlth    ++........             (no amulet)
HPRegen  0.03/turn              (no ring)
MPRegen  0.09/turn              (no ring)

@: very quick
A: very small, unfitting armour, see invisible, herbivore, speed 3, slow
metabolism 2
a: no special abilities


You were on level 3 of the Dungeon.
You were not hungry.

You visited 1 branch of the dungeon, and saw 3 of its levels.

Inventory:

Hand Weapons
 a - a +0 short sword (weapon)
 k - a +0 hunting sling
Armour
 b - a +0 robe (worn)
Wands
 c - a wand of flame (15)
 d - a wand of enslavement (12)
 e - a wand of random effects (15)
Scrolls
 g - a scroll of blinking {!r, unknown}
 j - a scroll of teleportation {!r, unknown}
Potions
 h - a potion of agility {!q, unknown}
 i - a potion of curing {!q, unknown}
Comestibles
 f - a ration


   Skills:
 + Level 0.7 Fighting
 + Level 1.1 Short Blades
 + Level 3.0 Dodging
 + Level 1.5 Stealth
 + Level 4.0 Evocations


You couldn't memorise any spells.
You didn't know any spells.

Dungeon Overview and Level Annotations

Branches:
Dungeon (3/15)

Altars:


Innate Abilities, Weirdness & Mutations

You are very small and have problems with some larger weapons.
You are too small for most types of armour.
You have supernaturally acute eyesight. (SInv)
You are a herbivore.
You cover ground extremely quickly.
You need consume almost no food.


Message History

Found a robe.
You see here a green potion {!q}.
h - a green potion {!q}
Found a scroll labeled GIETIU IDINK.
You see here a black potion {!q}.
i - a black potion {!q} You see here a scroll labeled GIETIU IDINK {!r}.
j - a scroll labeled GIETIU IDINK {!r} The rat misses you.
A bat and a giant cockroach come into view.
The giant cockroach closely misses you.
You hit the giant cockroach but do no damage.
The giant cockroach closely misses you.
You hit the rat.
You kill the rat!
The giant cockroach misses you.
You see here a rat corpse.
The giant cockroach waves its antennae.
There is a shaft here.
You fall through a shaft!
The shaft crumbles and collapses.
A kobold comes into view.
Found 8 tomahawks, 2 rations and a lumpy amethyst potion.
Found a stone staircase leading down.
A kobold comes into view.
The kobold shouts!
Found a ring mail.
A giant cockroach comes into view.
There is a stone staircase leading down here.
You climb downwards. 2 jackals and an orc come into view.
The jackal barks!
The orc shouts!
The jackal barks!
Found a hunting sling, a ration and 17 bolts.
Found a stone staircase leading up.
There is a stone staircase leading up here.
You see here a hunting sling.
k - a hunting sling The jackal misses you.
The jackal bites you.
A wyvern skeleton comes into view.
The orc throws a tomahawk.
The tomahawk misses you.
You see here a tomahawk.
Found 6 gold pieces.
An adder comes into view.
Found a shiny scale mail.
A bat comes into view.
Evoke which item? (* to show all) (? for menu, Esc to quit)
Aiming: Enslavement
Press: ? - help, Shift-Dir - straight line, f - adder
Aim: an adder (chance to defeat MR: 67%)
The adder struggles to resist.
Evoke which item? (* to show all) (? for menu, Esc to quit)
Aiming: Enslavement
Press: ? - help, Shift-Dir - straight line, f/p - adder
Aim: an adder (chance to defeat MR: 67%)
The adder struggles to resist.
The adder bites you.
* * * LOW HITPOINT WARNING * * *
The jackal bites you but does no damage.
The adder misses you.
Evoke which item? (* to show all) (? for menu, Esc to quit)
Aiming: Enslavement
Press: ? - help, Shift-Dir - straight line, f/p - adder
Aim: an adder (chance to defeat MR: 67%)
The adder struggles to resist.
The jackal misses you. The adder bites you.
You die...

......$ ##.....#
......# #.....#
.....# ..# ....#
.....######..######.
.[...bS@hho.........
....########.######
. #(.# ##h###
##...#######
#...o.....<#
#..(.......#
#.........%#
#.......<..#


You could see an adder, an orc, 2 jackals and a bat.

Vanquished Creatures
  A rat (D:1)
1 creature vanquished.

Notes
Turn   | Place    | Note
-------+----------+-------------------------------------------
     0 | D:1      | Amnesiac the Spriggan Artificer began the quest for the Orb.
     0 | D:1      | Reached XP level 1. HP: 9/9 MP: 4/4
    71 | D:1      | You fall through a shaft!
    97 | D:3      | Slain by an adder

Vault maps used:
D:1:      noname_arrival_rooms_in_the_neighbourhood, minmay_misc_feat_encased,
          nemelex_diamond_rough_becter
D:2:      first_ration
D:3:      trog_book, uniq_robin, uniq_jessica

Action                   || total
-------------------------++-------
Melee: Short sword       ||     2
Evoke: Wand              ||     3
Armor: Robe              ||     1
Dodge: Dodged            ||     8

Table legend:
 A = Spawn XP
 B = Non-spawn XP
 C = Spawn XP percentage of total XP
 D = Spawn monster count
 E = Non-spawn monster count
 F = Spawn count percentage of total count
 G = Total turns spent on level
                    A         B        C        D         E        F      G
               +---------+---------+-------+---------+---------+-------+---------
         Total |       0 |       1 |   0.0 |       0 |       1 |   0.0 |    97
               +---------+---------+-------+---------+---------+-------+---------
           D:1 |       0 |       1 |   0.0 |       0 |       1 |   0.0 |    71
               +---------+---------+-------+---------+---------+-------+---------
